 Dungeon Crawl Stone Soup version 0.29-a0-676-ga64570c9d2 (webtiles) character file.

Game seed: 850615615816366198

9015 DocClef the Blocker (level 11, -1/79 (89) HPs)
             Began as a Gnoll Fighter on June 24, 2022.
             Was a High Priest of Okawaru.
             Slain by a hornet (9 damage)
             ... on level 9 of the Dungeon.
             The game lasted 00:13:51 (7787 turns).

DocClef the Blocker (Gnoll Fighter)                 Turns: 7787, Time: 00:13:53

HP:   -1/79 (89)    AC:  8    Str: 19    XL:     11   Next: 39%
MP:   14/20         EV: 13    Int:  9    God:    Okawaru [*****.]
Gold: 589           SH:  6    Dex: 11    Spells: 19/22 levels left

rFire   . . .      SeeInvis .   B - +9 war axe (freeze)
rCold   . . .      Faith    .   c - +0 buckler
rNeg    . . .      Spirit   .   a - +0 troll leather armour
rPois   .          Reflect  .   (no helmet)
rElec   .          Harm     .   u - +0 cloak
rCorr   .          Rampage  .   (no gloves)
Will    .....                   f - +0 pair of boots
Stlth   +++.......              q - amulet of regeneration
HPRegen 1.83/turn               C - ring of wizardry
MPRegen 0.17/turn               (no ring)

@: lethally poisoned (-1 -> -3), finesse-ful, wereblooded, slowed, heavily
drained, very slow
A: fangs 1, strong nose, distributed training
a: Renounce Religion, Heroism, Finesse, Duel


You were on level 9 of the Dungeon.
You worshipped Okawaru.
Okawaru was extremely pleased with you.
You visited 2 branches of the dungeon, and saw 10 of its levels.
You also visited: Sewer.

You collected 589 gold pieces.

Inventory:

Hand Weapons
 B - a +9 war axe of freezing (weapon)
Missiles
 k - 23 poisoned darts (quivered)
 r - 6 javelins
 F - 2 silver javelins
 H - 2 curare-tipped darts
Armour
 a - a +0 troll leather armour (worn)
 c - a +0 buckler (worn)
 f - a +0 pair of boots (worn)
 l - a +2 ring mail of fire resistance
 o - a +0 ring mail of willpower
 u - a +0 cloak (worn)
Jewellery
 q - an amulet of regeneration (around neck)
 A - an amulet of magic regeneration
 C - a ring of wizardry (left hand)
Wands
 i - a wand of flame (38)
 I - a wand of polymorph (3)
Scrolls
 g - 5 scrolls of teleportation
 n - a scroll of identify
 p - a scroll of silence
 v - a scroll of poison {unknown}
 x - a scroll of magic mapping
 y - a scroll of fear
 z - 2 scrolls of blinking
 D - 2 scrolls of amnesia
 E - a scroll of fog
Potions
 b - 2 potions of attraction {unknown}
 d - 3 potions of might
 e - 2 potions of resistance
 h - 2 potions of degeneration
 j - 2 potions of flight
 m - a potion of haste
 s - 2 potions of brilliance
 t - 2 potions of mutation
 w - a potion of heal wounds
 G - 10 potions of ambrosia
 J - a potion of invisibility {unknown}


   Skills:
 + Level 9.1 Fighting
 + Level 6.2 Short Blades
 + Level 6.2 Long Blades
 + Level 6.2 Axes
 + Level 7.8 Maces & Flails
 + Level 6.2 Polearms
 + Level 6.2 Staves
 + Level 6.2 Slings
 + Level 6.2 Bows
 + Level 6.2 Crossbows
 + Level 6.2 Throwing
 + Level 9.1 Armour
 + Level 6.2 Dodging
 + Level 6.2 Stealth
 + Level 9.1 Shields
 + Level 6.2 Unarmed Combat
 + Level 6.2 Spellcasting
 + Level 5.1 Conjurations
 + Level 5.1 Hexes
 + Level 5.1 Summonings
 + Level 5.1 Necromancy
 + Level 5.1 Translocations
 + Level 5.1 Transmutations
 + Level 5.1 Fire Magic
 + Level 5.1 Ice Magic
 + Level 5.1 Air Magic
 + Level 5.1 Earth Magic
 + Level 5.1 Poison Magic
 + Level 6.8 Invocations
 + Level 6.2 Evocations


You had 19 spell levels left.
You knew the following spells:

 Your Spells              Type           Power      Damage    Failure   Level
a - Beastly Appendage     Tmut           24%        N/A       1%          1
b - Wereblood             Tmut           12%        N/A       2%          2

Your spell library contained the following spells:

 Spells                   Type           Power      Damage    Failure   Level
 Magic Dart               Conj           48%        1d5       1%          1
 Conjure Flame            Conj/Fire      12%        6-21      4%          3
 Ignite Poison            Fire/Tmut/Pois 12%        N/A       4%          3
 Spider Form              Tmut/Pois      12%        N/A       4%          3
 Flame Wave               Conj/Fire      12%        2d6       14%         4
 Sticky Flame             Conj/Fire      12%        2d4       14%         4
 Borgnjor's Vile Clutch   Necr/Erth      6%         N/A       36%         5
 Yara's Violent Unravell  Hex/Tmut       6%         3d5       36%         5
 Animate Dead             Necr           Unusable   N/A       N/A         4
 Death Channel            Necr           Unusable   N/A       N/A         6

Dungeon Overview and Level Annotations

Branches:
Dungeon (9/15)             Temple (1/1) D:6             Orc (0/2) D:9
  Sewer (visited)
   Lair: D:8-11

Altars:
Ashenzari
Dithmenos
Elyvilon
Fedhas
Gozag
Hepliaklqana
Makhleb
Nemelex Xobeh
Okawaru
Qazlal
Ru
Sif Muna
Trog
Uskayaw
Vehumet
Wu Jian
Xom
Yredelemnul
Zin
The Shining One

Shops:
D:6 =   D:8 *   D:9 *(

Annotations:
D:3 2 transporters, Newt's ghost, amateur DsAK
D:8 2 transporters, exclusion: oklob plant, DocClef's ghost, novice GnFi


Innate Abilities, Weirdness & Mutations

You have very sharp teeth.
Your uncanny sense of smell can sniff out nearby items.
Your experience applies equally to all skills.


Message History

Unknown command.
Unknown command.
Unknown command.
Unknown command.
Unknown command.
Unknown command.
Unknown command.
The wight attacks as you move away!
The wight hits you with a +0 dire flail.
* * * LOW HITPOINT WARNING * * *
You feel drained.
* * * LOW HITPOINT WARNING * * *
You feel very sick.
The hornet stings you but does no damage.
You barely miss the hornet.
The hornet is moderately wounded.
You feel very sick. The hornet misses you.
The hornet stings you but does no damage.
Unknown command.
You miss the hornet.
The hornet is moderately wounded.
You feel very sick. The hornet misses you. You block the hornet's attack.
You barely miss the hornet. You bite the hornet, but do no damage.
The hornet is moderately wounded.
You feel like a meek peon again.
You feel sick. The hornet closely misses you. The hornet stings you.
* * * LOW HITPOINT WARNING * * *
You feel as though you will be slow longer.
Unknown command.
Unknown command.
You feel sick. The hornet barely misses you.
You can now deal lightning-fast blows.
You feel sick. The hornet misses you. The hornet stings you.
* * * LOW HITPOINT WARNING * * *
You are more poisoned.
You feel as though you will be slow longer.
The hornet stings you!
You die...

## ####.# .# #####.## ####
.# ?.......# #......# #...
.)/.....# #......# #...
........###......# ###...
........#........####.'...
.)......#.#...........#...
........#)#......######...
........#@#..>...# #...
........#y#......# #...
........zz#....>.# #...
........#####.#### #...
######### #..# #... ##.#
#### #####'##### #
#.........# # #.........#
##


You could see a hornet and 2 wights.

Vanquished Creatures
  Erolcha (D:9)
  Joseph (D:8)
  A queen bee (D:9)
  2 trolls (D:9)
  Grinder (D:4)
  A hornet (D:9)
  Sigmund (D:2)
  A shadow (D:8)
  A wyvern (D:8)
  A vampire (D:9)
  12 yaks
  A steam dragon (D:8)
  A water moccasin (D:8)
  Pargi (Sewer)
  2 sky beasts (D:7)
  3 orc warriors (D:9)
  An ice beast (D:5)
  5 black bears
  2 centaurs
  5 kobold brigands
  7 gnoll sergeants
  A necrophage (D:6)
  A bullfrog (D:8)
  2 scorpions
  3 wights (D:5)
  25 killer bees (D:9)
  A howler monkey (D:7)
  3 hounds
  A jelly (D:5)
  2 orc priests
  A gnoll shaman (D:9)
  5 iguanas
  7 orc wizards
  15 adders
  19 gnolls
  3 shadow imps
  A white imp (D:5)
  An ufetubus (D:5)
  A worm (D:5)
  2 dart slugs (D:2)
  21 orcs
  3 endoplasms (D:1)
  4 giant cockroaches
  2 goblins (D:3)
  4 hobgoblins
  10 jackals
  9 kobolds
  6 quokkas
  6 ball pythons
  4 bats
  5 frilled lizards
  8 rats
227 creatures vanquished.

Vanquished Creatures (others)
  4 fungi (D:1)
  3 plants (D:1)
7 creatures vanquished.

Grand Total: 234 creatures vanquished

Notes
Turn   | Place    | Note
-------+----------+-------------------------------------------
     0 | D:1      | DocClef the Gnoll Fighter began the quest for the Orb.
     0 | D:1      | Reached XP level 1. HP: 23/23 MP: 1/1
   184 | D:1      | Reached XP level 2. HP: 29/29 MP: 2/2
   653 | D:1      | Found a faded altar of an unknown god.
  1191 | D:2      | Reached XP level 3. HP: 35/35 MP: 3/3
  1262 | D:2      | Got Sif Muna's Compendium of Panentheism
  1505 | D:2      | Found a shimmering blue altar of Sif Muna.
  1510 | D:2      | Noticed Sigmund
  1532 | D:2      | Killed Sigmund
  1533 | D:2      | Reached skill level 1 in Short Blades
  1533 | D:2      | Reached skill level 1 in Long Blades
  1533 | D:2      | Reached skill level 1 in Axes
  1533 | D:2      | Reached skill level 1 in Polearms
  1533 | D:2      | Reached skill level 1 in Staves
  1533 | D:2      | Reached skill level 1 in Slings
  1533 | D:2      | Reached skill level 1 in Bows
  1533 | D:2      | Reached skill level 1 in Crossbows
  1533 | D:2      | Reached skill level 1 in Throwing
  1533 | D:2      | Reached skill level 1 in Dodging
  1533 | D:2      | Reached skill level 1 in Stealth
  1533 | D:2      | Reached skill level 1 in Unarmed Combat
  1533 | D:2      | Reached skill level 1 in Spellcasting
  1533 | D:2      | Reached skill level 1 in Conjurations
  1533 | D:2      | Reached skill level 1 in Hexes
  1533 | D:2      | Reached skill level 1 in Summonings
  1533 | D:2      | Reached skill level 1 in Necromancy
  1533 | D:2      | Reached skill level 1 in Translocations
  1533 | D:2      | Reached skill level 1 in Transmutations
  1533 | D:2      | Reached skill level 1 in Fire Magic
  1533 | D:2      | Reached skill level 1 in Ice Magic
  1533 | D:2      | Reached skill level 1 in Air Magic
  1533 | D:2      | Reached skill level 1 in Earth Magic
  1533 | D:2      | Reached skill level 1 in Poison Magic
  1533 | D:2      | Reached skill level 1 in Invocations
  1533 | D:2      | Reached skill level 1 in Evocations
  1533 | D:2      | Reached XP level 4. HP: 27/41 MP: 4/6
  1533 | D:2      | Reached XP level 5. HP: 32/47 MP: 4/7
  2060 | D:3      | Noticed Newt's ghost (amateur DsAK)
  2060 | D:3      | Found a transporter.
  2092 | D:3      | Found a hide-covered altar of Uskayaw.
  2094 | D:3      | Noticed a +0 dagger
  2094 | D:3      | Noticed a +0 hand axe
  2293 | D:3      | Noticed a steam dragon
  2482 | D:3      | Reached XP level 6. HP: 53/53 MP: 8/8
  2516 | D:3      | Found a transporter.
  2973 | D:4      | Noticed Grinder
  2994 | D:4      | Killed Grinder
  2995 | D:4      | Reached skill level 5 in Maces & Flails
  2995 | D:4      | Reached XP level 7. HP: 38/59 MP: 8/10
  3434 | D:5      | Entered Level 5 of the Dungeon
  3979 | D:5      | Noticed a yak
  3992 | D:6      | Found a staircase to the Ecumenical Temple.
  4003 | D:6      | Reached XP level 8. HP: 49/67 MP: 12/12
  4019 | Temple   | Entered the Ecumenical Temple
  4330 | Temple   | Became a worshipper of Warmaster Okawaru
  4499 | D:6      | Found a glowing drain.
  4531 | Sewer    | Entered a sewer
  4554 | Sewer    | Noticed Pargi
  4558 | Sewer    | Killed Pargi
  4922 | D:6      | Reached * piety under Okawaru
  5034 | D:6      | Learned a level 1 spell: Beastly Appendage
  5181 | D:6      | Found Sethreun's Jewellery Shoppe.
  5364 | D:5      | Reached XP level 9. HP: 72/72 MP: 14/14
  5553 | D:5      | Reached ** piety under Okawaru
  6128 | D:7      | Learned a level 2 spell: Wereblood
  6192 | D:7      | Found a blossoming altar of Fedhas.
  6415 | D:8      | Reached skill level 5 in Invocations
  6465 | D:8      | Found Iwesch's Lightly-Used Armoury.
  6483 | D:8      | Found a transporter.
  6484 | D:8      | Found a transporter.
  6488 | D:8      | Noticed DocClef's ghost (novice GnFi)
  6488 | D:8      | Noticed an oklob plant
  6489 | D:8      | Noticed a cyclops
  6558 | D:8      | Noticed Joseph
  6569 | D:8      | Killed Joseph
  6569 | D:8      | Reached *** piety under Okawaru
  6638 | D:8      | Reached XP level 10. HP: 70/80 MP: 14/17
  6679 | D:8      | Reached skill level 5 in Short Blades
  6679 | D:8      | Reached skill level 5 in Long Blades
  6679 | D:8      | Reached skill level 5 in Axes
  6679 | D:8      | Reached skill level 5 in Polearms
  6679 | D:8      | Reached skill level 5 in Staves
  6679 | D:8      | Reached skill level 5 in Slings
  6679 | D:8      | Reached skill level 5 in Bows
  6679 | D:8      | Reached skill level 5 in Crossbows
  6679 | D:8      | Reached skill level 5 in Throwing
  6679 | D:8      | Reached skill level 5 in Dodging
  6679 | D:8      | Reached skill level 5 in Stealth
  6679 | D:8      | Reached skill level 5 in Unarmed Combat
  6679 | D:8      | Reached skill level 5 in Spellcasting
  6679 | D:8      | Reached skill level 5 in Evocations
  6719 | D:8      | Reached **** piety under Okawaru
  6720 | D:8      | Received a gift from Okawaru
  7034 | D:8      | Noticed a cyclops
  7034 | D:8      | Noticed a centaur warrior
  7134 | D:9      | Found a staircase to the Orcish Mines.
  7312 | D:9      | Noticed Erolcha
  7321 | D:9      | Killed Erolcha
  7321 | D:9      | Received a gift from Okawaru
  7322 | D:9      | Reached XP level 11. HP: 76/87 MP: 17/19
  7349 | D:9      | Found Goonkorho's Antique Weapon Shop.
  7356 | D:9      | Reached ***** piety under Okawaru
  7452 | D:9      | Received a gift from Okawaru
  7461 | D:9      | Reached skill level 5 in Conjurations
  7461 | D:9      | Reached skill level 5 in Hexes
  7461 | D:9      | Reached skill level 5 in Summonings
  7461 | D:9      | Reached skill level 5 in Necromancy
  7461 | D:9      | Reached skill level 5 in Translocations
  7461 | D:9      | Reached skill level 5 in Transmutations
  7461 | D:9      | Reached skill level 5 in Fire Magic
  7461 | D:9      | Reached skill level 5 in Ice Magic
  7461 | D:9      | Reached skill level 5 in Air Magic
  7461 | D:9      | Reached skill level 5 in Earth Magic
  7461 | D:9      | Reached skill level 5 in Poison Magic
  7511 | D:9      | HP: 1/89 [vampire (10)]
  7605 | D:9      | Found Kallylag's Assorted Antiques.
  7779 | D:9      | Paralysed by a hornet for 3 turns
  7787 | D:9      | Slain by a hornet

Illustrated notes

Levels and vault maps discovered:
D:1:      dpeg_arrival_prison, layout_loops_corners,
          shapermc_ecumenical_altar_mp_urbaneastern, minmay_misc_feat_diagonals,
          amcnicky_mini_pool_small
D:2:      layout_rooms, basic_altar, solitary_fountain, minmay_parallelograms,
          kennysheep_decorative_pillar, moated_statue, minivault_25,
          lemuel_old_faithful, uniq_sigmund
D:3:      layout_basic, dancing_weapons_uskayaw, gammafunk_ghost_arena
D:4:      layout_basic, uniq_grinder
D:5:      minmay_chambers_of_threes, layout_basic
D:6:      layout_gridville, minmay_temple_entry_tees, gup_sewer_entry_glass,
          minmay_shop_enchanted_jewellery
D:7:      layout_basic, mainiacjoe_overflow_alcove_4
D:8:      layout_basic, nzn_ghost_randoct, minmay_shop_damaged, uniq_joseph
D:9:      layout_roguey [special_room_bee],
          kennysheep_orc_monster_closet_entryway, serial_shops,
          nicolae_shop_statue_plus, shop, uniq_erolcha
Temple:   mainiacjoe_temple_cubbyholes

Skill      XL: |  1  2  3  4  5  6  7  8  9 10 11 |
---------------+----------------------------------+-----
Short Blades   | 1 2 3 4 5 6 |  6.2
Long Blades    | 1 2 3 4 5 6 |  6.2
Axes           | 1 2 3 4 5 6 |  6.2
Polearms       | 1 2 3 4 5 6 |  6.2
Staves         | 1 2 3 4 5 6 |  6.2
Slings         | 1 2 3 4 5 6 |  6.2
Bows           | 1 2 3 4 5 6 |  6.2
Crossbows      | 1 2 3 4 5 6 |  6.2
Throwing       | 1 2 3 4 5 6 |  6.2
Dodging        | 1 2 3 4 5 6 |  6.2
Stealth        | 1 2 3 4 5 6 |  6.2
Unarmed Combat | 1 2 3 4 5 6 |  6.2
Spellcasting   | 1 2 3 4 5 6 |  6.2
Conjurations   | 1 2 3 4 5 |  5.1
Hexes          | 1 2 3 4 5 |  5.1
Summonings     | 1 2 3 4 5 |  5.1
Necromancy     | 1 2 3 4 5 |  5.1
Translocations | 1 2 3 4 5 |  5.1
Transmutations | 1 2 3 4 5 |  5.1
Fire Magic     | 1 2 3 4 5 |  5.1
Ice Magic      | 1 2 3 4 5 |  5.1
Air Magic      | 1 2 3 4 5 |  5.1
Earth Magic    | 1 2 3 4 5 |  5.1
Poison Magic   | 1 2 3 4 5 |  5.1
Invocations    | 1 2 3 4 5 6 |  6.8
Evocations     | 1 2 3 4 5 6 |  6.2
Maces & Flails | 5 6 7 |  7.8
Fighting       | 7 8 9 |  9.1
Armour         | 7 8 9 |  9.1
Shields        | 7 8 9 |  9.1

Action                   |  1- 3 |  4- 6 |  7- 9 | 10-12 || total
-------------------------+-------+-------+-------+-------++-------
Melee: Flail             |   123 |   120 |    73 |       ||   316
       Bite              |    15 |    11 |    19 |    22 ||    67
       War axe           |       |       |   168 |   187 ||   355
       Punch             |       |       |     2 |     2 ||     4
 Fire: Triple crossbow   |       |       |    12 |       ||    12
Throw: Dart              |       |     3 |       |     5 ||     8
 Cast: Beastly Appendage |       |       |     1 |       ||     1
       Wereblood         |       |       |     2 |     7 ||     9
Invok: Heroism           |       |       |       |     4 ||     4
       Finesse           |       |       |       |     2 ||     2
  Use: Scroll            |       |     8 |     9 |     2 ||    19
       Potion            |       |       |     1 |     5 ||     6
 Stab: Sleeping          |       |       |     2 |     1 ||     3
Armor: Scale mail        |    48 |       |       |       ||    48
       Plate armour      |    12 |     2 |       |       ||    14
       Ring mail         |       |    56 |   169 |    32 ||   257
       Troll leather arm |       |       |       |    35 ||    35
Dodge: Dodged            |    70 |    57 |   196 |   202 ||   525
Block: Buckler           |    34 |    31 |    10 |    84 ||   159

Table legend: (Time is in decaauts)
 A = Elapsed time spent in this place.
 B = Non-inter-level travel time spent in this place.
 C = Inter-level travel time spent in this place.
 D = Time resting spent in this place.
 E = Time spent auto-exploring this place.
 F = Levels seen in this place.
 G = Mean time per level.
                   A        B        C        D        E       F      G
               +--------+--------+--------+--------+--------+-----+--------+
         Total |   7926 |   7629 |    297 |    134 |   5692 |  11 |  720.5 |
       Dungeon |   7432 |   7171 |    261 |    134 |   5299 |   9 |  825.8 |
        Temple |    348 |    312 |     36 |      0 |    299 |   1 |  348.0 |
         Sewer |    144 |    144 |      0 |      0 |     94 |   1 |  144.0 |
               +--------+--------+--------+--------+--------+-----+--------+

Top non-repeatable levels by time:
     D:1: 1181 daAuts
     D:5: 1061 daAuts
     D:6: 971 daAuts
     D:2: 910 daAuts
     D:3: 834 daAuts
     D:8: 774 daAuts
     D:9: 626 daAuts
     D:4: 566 daAuts
     D:7: 505 daAuts
  Temple: 348 daAuts
   Sewer: 144 daAuts
